Map: Prion Terraces

Players

MorN

  • Race: Zerg Zerg
  • League: Master

Mariuslol - Winner!

  • Race: Protoss Protoss
  • League: Master

VOD

Have the link to the VOD?

Description

Time

  • Played on: Nov. 24, 2015, 1:27 a.m.
  • Length: 4:09
Show
View Real Time Build Order
Export as new Build Order

MorN Zerg 

Build Orders: 3 Hatch before Pool 

Get SALT Encoding   

  12  0:01  Drone  
  13  0:10  Drone  
  14  0:17  Overlord  
  14  0:26  Drone, Extractor  
  15  0:36  Drone  
  15  0:38  Drone  
  17  0:54  Hatchery  
  16  0:58  Drone  
  16  1:03  Drone  
  18  1:23  Hatchery  
  17  1:35  Spawning Pool  
  16  1:41  Drone  
  16  1:42  Drone  
  18  1:47  Drone  
  19  1:56  Drone  
  20  2:07  Drone x2  
  22  2:17  Drone  
  23  2:24  Queen x2  
  23  2:28  Drone, Extractor  
  27  2:40  Zergling x2  
  27  2:41  Zergling x8  
  31  2:48  Queen  
  27  3:13  Zergling x2  
  27  3:14  Zergling x6  
  29  3:30  Zergling x2  
  25  3:48  Zergling x2  
  25  3:49  Zergling x6  
Show
View Real Time Build Order
Export as new Build Order

Mariuslol Protoss - Winner!

Build Orders:  

Get SALT Encoding   

  12  0:01  Probe (Chrono Boost)  
  13  0:12  Probe (Chrono Boost)  
  14  0:22  Probe (Chrono Boost)  
  15  0:46  Pylon  
  15  1:05  Probe (Chrono Boost), Gateway  
  15  1:06  Gateway  
  15  1:08  Gateway  
  16  1:15  Gateway, Probe (Chrono Boost)  
  17  1:26  Probe (Chrono Boost)  
  17  1:32  Pylon  
  18  1:36  Probe (Chrono Boost)  
  19  1:52  Zealot (Chrono Boost)  
  21  2:01  Zealot (Chrono Boost)  
  25  2:02  Zealot (Chrono Boost)  
  27  2:09  Zealot (Chrono Boost), Pylon  
  27  2:17  Zealot (Chrono Boost)  
  29  2:27  Pylon  
  33  2:30  Zealot (Chrono Boost)  
  33  2:31  Zealot (Chrono Boost)  
  37  2:44  Zealot (Chrono Boost)  
  37  2:48  Zealot (Chrono Boost)  
  37  2:57  Zealot (Chrono Boost)  
  41  2:58  Zealot (Chrono Boost)  
  41  3:08  Zealot (Chrono Boost)  
  45  3:15  Zealot (Chrono Boost)  
  45  3:25  Zealot (Chrono Boost)  
  47  3:32  Zealot (Chrono Boost)  
  47  3:34  Zealot (Chrono Boost)  
  47  3:45  Zealot (Chrono Boost)  
  47  3:46  Pylon  
  47  4:01  Assimilator  
  47  4:05  Assimilator  
Tags
 
Add a new tag
Caveats
  • Supply blocks, unpowered buildings, or Contaminate may cause inaccurate times.
  • Supply counts are checked every 10 seconds.